 Dungeon Crawl Stone Soup version 0.27-a0-684-g359e429f13 (webtiles) character file.

Game seed: 12183713256288418657

107 Gaff the Vandal (level 5, 0/34 HPs)
             Began as a Halfling Hunter on Mar 19, 2021.
             Killed from afar by an orc wizard (7 damage)
             ... with a magic dart
             ... on level 3 of the Dungeon on Mar 20, 2021.
             The game lasted 00:08:50 (3251 turns).

Gaff the Vandal (Halfling Hunter)                   Turns: 3251, Time: 00:08:52

Health: 0/34       AC:  5    Str: 12 (13) XL:     5   Next: 10%
Magic:  14/14      EV: 15    Int:  7 (9)  God:
Gold:   62         SH:  0    Dex: 16      Spells: 4/4 levels left

rFire    . . .     SeeInvis .   b - +0 rapier
rCold    . . .     Faith    .   (shield restricted)
rNeg     + . .     Spirit   .   c - +0 leather armour
rPois    .         Reflect  .   r - +0 helmet
rElec    .         Harm     .   (no cloak)
rCorr    .         Rampage  .   x - +0 pair of gloves {Stlth+}
Will     .....                  (no boots)
Stlth    +++.......             (no amulet)
HPRegen  0.11/turn              t - ring of magical power
MPRegen  0.14/turn              w - ring of positive energy

@: flying
A: small, no large weapons, mutation resistance 1
a: no special abilities


You were on level 3 of the Dungeon.
You visited 1 branch of the dungeon, and saw 3 of its levels.

You collected 62 gold pieces.

Inventory:

Hand Weapons
 a - a +1 hunting sling
 b - a +0 rapier (weapon)
 v - a +0 short sword
Missiles
 d - 14 sling bullets
 g - 54 stones (quivered)
Armour
 c - a +0 leather armour (worn)
 r - a +0 helmet (worn)
 x - a +0 pair of gloves of stealth (worn)
Jewellery
 t - a ring of magical power (right hand)
 w - a ring of positive energy (left hand)
Scrolls
 f - 3 scrolls of teleportation
 l - 4 scrolls of identify {unknown}
 m - a scroll of silence {unknown}
 n - a scroll of summoning {unknown}
 p - a scroll of blinking {unknown}
 q - 2 scrolls of amnesia {unknown}
 s - 2 scrolls of enchant weapon {unknown}
 u - a scroll of acquirement {unknown}
Potions
 e - a potion of degeneration
 h - a potion of curing
 i - a potion of flight
 j - a potion of lignification {unknown}
 k - a potion of mutation {unknown}
 o - a potion of ambrosia {unknown}


   Skills:
 - Level 1.7 Fighting
 + Level 6.8 Slings
 + Level 3.4 Dodging
 * Level 3.4 Stealth


You had 4 spell levels left.
You didn't know any spells.
Your spell library contained the following spells:

 Spells                   Type           Power      Damage    Failure   Level
 Passwall                 Tmut/Erth      0%         N/A       65%         2
 Swiftness                Air            0%         N/A       65%         2
 Passage of Golubria      Tloc           N/A        N/A       99%         4
 Lee's Rapid Deconstruct  Erth           0%         3d5*      100%        5
 Invisibility             Hex            0%         N/A       100%        6


Dungeon Overview and Level Annotations

Branches:
Dungeon (3/15)

Altars:
Ashenzari
Uskayaw

Shops:
D:2 =

Annotations:
D:3 2 transporters


Innate Abilities, Weirdness & Mutations

You are small and have problems with some larger weapons.
You are somewhat resistant to further mutation.


Message History

You puncture the orc wizard!
The orc wizard is severely wounded.
The orc wizard points at you and mumbles some strange words.
The magic dart hits you.
* * * LOW HITPOINT WARNING * * *
You hit the orc wizard but do no damage.
The orc wizard is severely wounded.
The orc wizard hits you but does no damage.
The orc wizard casts a spell at you.
You are confused.
The orc wizard gestures at you while chanting.
You resist with some effort. The orc wizard barely misses you.
You miss the orc wizard.
The orc wizard is severely wounded.
The orc wizard misses you.
You miss the orc wizard.
The orc wizard is severely wounded.
The orc wizard gestures at you while chanting.
The magic dart hits you.
* * * LOW HITPOINT WARNING * * *
You feel less confused.
You barely miss the orc wizard.
The orc wizard is severely wounded.
The orc wizard closely misses you.
You hit the orc wizard but do no damage.
The orc wizard is severely wounded.
The orc wizard hits you with a +0 dagger.
* * * LOW HITPOINT WARNING * * *
The orc wizard hits you with a +0 dagger.
* * * LOW HITPOINT WARNING * * *
It was a potion of flight.
You feel very buoyant.
You fly up into the air.
The orc wizard misses you.
The orc wizard points at itself and mumbles some strange words.
The orc wizard flickers and vanishes!
Deactivating autopickup; reactivate with Ctrl-A.
A magic dart appears from out of thin air!
The magic dart hits you!
You die...

####### #...... #.#####
####### ####.# ##> #.@...#
#....# 8.. ######
####.###{# #....##...
.....# ##....# #.#
#....#8...
.....######..####
#{####....##...
.<...##.....##
#o......####8..
.....##.##### ##......##
##...
.....##.##########.......#
_...
#######.##...............#
#...
##......#####...#.....#
8..


There were no monsters in sight!

Vanquished Creatures
  An orc priest (D:3)
  3 adders
  An ooze (D:2)
  A worm (D:2)
  A leopard gecko (D:2)
  3 orcs
  A ball python (D:1)
  3 bats
  A giant cockroach (D:3)
  8 hobgoblins
  2 quokkas (D:3)
  7 frilled lizards
  2 goblins
  3 kobolds
  4 rats
41 creatures vanquished.

Notes
Turn   | Place    | Note
-------+----------+-------------------------------------------
     0 | D:1      | Gaff the Halfling Hunter began the quest for the Orb.
     0 | D:1      | Reached XP level 1. HP: 14/14 MP: 1/1
    87 | D:1      | Reached skill level 6 in Slings
   140 | D:1      | Reached XP level 2. HP: 19/19 MP: 2/2
  1041 | D:2      | Reached XP level 3. HP: 18/24 MP: 3/3
  1126 | D:2      | Found Gibbasoa's Jewellery Boutique.
  2420 | D:3      | Reached XP level 4. HP: 29/29 MP: 4/4
  2420 | D:3      | Found a transporter.
  3053 | D:3      | Found a transporter.
  3136 | D:3      | Found a broken altar of Ashenzari.
  3138 | D:3      | Found a hide-covered altar of Uskayaw.
  3182 | D:3      | Reached XP level 5. HP: 30/34 MP: 5/5
  3251 | D:3      | Killed from afar by an orc wizard

Illustrated notes

Levels and vault maps discovered:
D:1:      minmay_arrival_floating_metal, layout_basic, minmay_pentomino_v4
D:2:      layout_basic, serial_shops, shop, amethyst_killhole
D:3:      gammafunk_wand_slinger, layout_rooms, nicolae_overflow_hidden_temple

Skill      XL: |  1  2  3  4 |
---------------+-------------+-----
Slings         | 6 |  6.8
Stealth        | 2 3 |  3.4
Dodging        | 3 |  3.4
Fighting       | |  1.7

Action                   |  1- 3 |  4- 6 || total
-------------------------+-------+-------++-------
Melee: Short sword       |   118 |     4 ||   122
       Rapier            |       |    35 ||    35
 Fire: Hunting sling     |    18 |    13 ||    31
  Use: Potion            |     2 |     1 ||     3
       Scroll            |     1 |       ||     1
 Stab: Sleeping          |     6 |     1 ||     7
Armor: Leather armour    |    29 |     7 ||    36
Dodge: Dodged            |   101 |    29 ||   130

Table legend: (Time is in decaauts)
 A = Elapsed time spent in this place.
 B = Non-inter-level travel time spent in this place.
 C = Inter-level travel time spent in this place.
 D = Time resting spent in this place.
 E = Time spent auto-exploring this place.
 F = Levels seen in this place.
 G = Mean time per level.
                   A        B        C        D        E       F      G
               +--------+--------+--------+--------+--------+-----+--------+
         Total |   3279 |   3191 |     88 |    879 |   1522 |   3 | 1093.0 |
       Dungeon |   3279 |   3191 |     88 |    879 |   1522 |   3 | 1093.0 |
               +--------+--------+--------+--------+--------+-----+--------+

Top non-repeatable levels by time:
     D:2: 1521 daAuts
     D:1: 883 daAuts
     D:3: 874 daAuts
